 Dungeon Crawl Stone Soup version 0.18-a0-1088-g34ef3a2 (webtiles) character file.

441 namelastname112 the Insei (level 6, -2/45 HPs)
             Began as a Draconian Wizard on Jan 16, 2016.
             Slain by a centaur (8 damage)
             ... on level 5 of the Dungeon.
             The game lasted 00:07:38 (4385 turns).

namelastname112 the Insei (Draconian Wizard)        Turns: 4385, Time: 00:07:38

Health: -2/45      AC:  8    Str:  9    XL:     6   Next: 71%
Magic:  18/19      EV: 12    Int: 18    God:
Gold:   208        SH:  0    Dex: 12    Spells: 1 memorised, 10 levels left

rFire  . . .     SeeInvis .       - Unarmed
rCold  . . .     Gourm    .     (armour unavailable)
rNeg   . . .     Faith    .     (no shield)
rPois  +         Spirit   .     a - +0 hat
rElec  .         Dismiss  .     w - +0 cloak
rCorr  .         Reflect  .     j - +0 pair of gloves
SustAt .         Harm     .     (no boots)
MR     .....                    s - amulet of regeneration
Stlth  ++........               (no ring)
                                y - ring "Testas" {+Inv rPois MP+9}

@: flying, not resistant to hostile enchantments, unstealthy
A: unfitting armour, cold-blooded, AC +6
a: Evoke Invisibility


You were on level 5 of the Dungeon.
You were not hungry.

You visited 1 branch of the dungeon, and saw 5 of its levels.

You collected 208 gold pieces.

Inventory:

Armour
 a - a +0 hat (worn)
 j - a +0 pair of gloves (worn)
 w - a +0 cloak (worn)
Jewellery
 s - an amulet of regeneration (around neck)
 y - the ring "Testas" (left hand) {+Inv rPois MP+9}
   (You found it on level 4 of the Dungeon)

   [ring of magical power]

   It protects you from poison.
   It affects your magic capacity (+9).
   It lets you turn invisible.
Wands
 D - a wand of magic darts (21/48)
Scrolls
 f - a scroll of fog {unknown}
 g - 4 scrolls of remove curse {unknown}
 h - 2 scrolls of immolation {unknown}
 i - 2 scrolls of teleportation {unknown}
 k - a scroll of blinking {unknown}
 o - a scroll of amnesia {unknown}
 p - a scroll of enchant weapon {unknown}
 t - 3 scrolls of identify {unknown}
 B - a scroll of random uselessness {unknown}
Potions
 d - a potion of brilliance {unknown}
 e - a potion of cure mutation {unknown}
 l - a potion of curing {unknown}
 m - a potion of flight
 r - 2 potions of agility {unknown}
 u - a potion of mutation {unknown}
 v - 2 potions of heal wounds {unknown}
 z - a potion of poison {unknown}
Books
 b - a book of Minor Magic

   Spells                             Type                      Level
   a - Magic Dart                     Conjuration                  1
   b - Blink                          Translocation                2
   c - Call Imp                       Summoning                    2
   d - Repel Missiles                 Charms/Air                   2
   e - Slow                           Hexes                        2
   f - Conjure Flame                  Conjuration/Fire             3
   g - Mephitic Cloud                 Conjuration/Poison/Air       3
Comestibles
 c - 4 bread rations
 n - a royal jelly
 q - 2 slices of pizza
 x - 9 fruits
 A - a meat ration
 C - 3 chunks of flesh


   Skills:
 - Level 1.7 Dodging
 - Level 1.7 Stealth
 + Level 6.9 Unarmed Combat
 - Level 3.0 Spellcasting
 - Level 1.0 Conjurations
   Level 1.0 Summonings
   Level 1.0 Translocations


You had 10 spell levels left.
You knew the following spells:

 Your Spells              Type           Power        Failure   Level  Hunger
z - Magic Dart            Conj           #...         12%         1    None


Dungeon Overview and Level Annotations

Branches:
Dungeon (5/15)
 Temple: D:4-7

Altars:
Ashenzari
Zin

Shops:
D:4 [   D:5 ?


Innate Abilities, Weirdness & Mutations

Your plain brown scales are hard (AC +6).
Your body does not fit into most forms of armour.
You are cold-blooded and may be slowed by cold attacks.


Message History

The centaur shoots an arrow of frost.
The arrow of frost hits you!!
You feel yourself slow down. The arrow of frost freezes you.
* * * LOW HITPOINT WARNING * * *
Found a scroll labeled YCUONW MUBEB.
You see here an arrow of frost.
You are too injured to fight recklessly!
You are too injured to fight recklessly!
Drink which item? (? for menu, Esc to quit)
It was a potion of flight.
You feel very buoyant.
You fly up into the air.
The centaur shoots an arrow of frost.
The arrow of frost hits you but does no damage.
The arrow of frost freezes you.
* * * LOW HITPOINT WARNING * * *
You feel yourself speed up.
The centaur unwields an uncursed shortbow.
The centaur hits you.
* * * LOW HITPOINT WARNING * * *
The centaur hits you!
You die...

##########..########.#
##.## # #..# .# ##.#
#####.#
######.###.....###
.......[..((.......
########.##........
#.##(...(###
#..#@....# ##+#c.!...#
......>.. ..###.....
... #.#.. .... .#..
..?.. # ......


You could see a centaur.

Vanquished Creatures
  A giant frog zombie (D:5)
  An orc priest (D:3)
  2 hounds (D:4)
  An orc wizard (D:5)
  3 worker ants (D:4)
  7 gnolls
  6 adders
  A shadow imp (D:5)
  3 worms
  3 giant geckos
  6 orcs
  3 ball pythons
  8 bats
  2 giant cockroaches
  8 hobgoblins
  9 jackals (D:1)
  10 kobolds
  A quokka (D:1)
  3 giant newts
  9 goblins
  6 rats
93 creatures vanquished.

Notes
Turn   | Place    | Note
--------------------------------------------------------------
     0 | D:1      | namelastname112 the Draconian Wizard began the quest for the Orb.
     0 | D:1      | Reached XP level 1. HP: 14/14 MP: 4/4
    76 | D:1      | Reached skill level 1 in Unarmed Combat
   331 | D:1      | Reached XP level 2. HP: 17/20 MP: 1/6
   932 | D:1      | Reached XP level 3. HP: 26/26 MP: 0/7
  1836 | D:2      | Reached XP level 4. HP: 33/33 MP: 5/8
  1955 | D:2      | Reached skill level 4 in Unarmed Combat
  2595 | D:2      | Reached XP level 5. HP: 10/38 MP: 9/9
  3088 | D:3      | Reached skill level 5 in Unarmed Combat
  3662 | D:4      | Found a shattered altar of Ashenzari.
  3708 | D:4      | Got an ancient ivory ring
  3709 | D:4      | Identified the ring "Testas" {+Inv rPois MP+9} (You found it on level 4 of the Dungeon)
  3743 | D:4      | Reached XP level 6. HP: 36/45 MP: 8/10
  3910 | D:4      | Found Zeji Puh's Antique Armour Shoppe.
  3927 | D:4      | Reached skill level 6 in Unarmed Combat
  4085 | D:4      | Found a glowing silver altar of Zin.
  4246 | D:5      | Entered Level 5 of the Dungeon
  4353 | D:5      | Found Emolud's Magic Scroll Boutique.
  4385 | D:5      | Slain by a centaur

Vault maps used:
D:1:      scummos_arrival_forest
D:3:      first_bread
D:4:      zin_treasury, ashenzari_altar_1, serial_shops, shop
D:5:      serial_shops, shop, minivault_23

Action                   |  1- 3 |  4- 6 || total
-------------------------+-------+-------++-------
Melee: Unarmed           |   143 |   180 ||   323
 Cast: Magic Dart        |    91 |    84 ||   175
  Use: Potion            |       |     1 ||     1
  Eat: Chunk             |     3 |     8 ||    11
